AoeStats
← |GaoeG| flamingo

Enclosed

503788446Analyzed
1v1 RM · 1mo ago on Sep 2, 2026· 56m 59s· 2 players
Game mode
Random Map
Map size
Tiny (2 player)
Population
200
Speed
Normal
Resources
Standard
Victory
Conquest
Starting age
Dark Age
Ending age
Imperial Age
RankedLock teamsTeams togetherTeam positionsShared explorationLock speedFull tech treeHidden civsTurbo modeCheats
Victory
Defeat
🇪🇸 Malians · Spain
1345
+17
🇩🇪 Turks · Germany
1366
-17
|GaoeG| flamingo
6:24 Loom
9:04 Feudal Age
9:54 Double-Bit Axe
9:52 Horse Collar
15:53 Town Watch
21:41 Castle Age
20:27 Bloodlines
22:08 Wheelbarrow
21:56 Fletching
22:07 Padded Archer Armor
22:41 Bow Saw
22:27 Gold Mining
24:26 Bodkin Arrow
27:26 Husbandry
30:09 Ballistics
32:11 Thumb Ring
38:35 Imperial Age
37:51 Hand Cart
39:09 Heavy Cavalry Archer
40:47 Scale Barding Armor
40:58 Leather Archer Armor
41:59 Chemistry
41:16 Cavalier
42:19 Conscription
43:37 Gold Shaft Mining
43:25 Chain Barding Armor
46:20 Plate Barding Armor
45:18 Elite Skirmisher
48:41 Forging
53:21 Ring Archer Armor
52:53 Farimba
52:30 Heavy Camel Rider
55:47 Iron Casting
NEO
7:03 Loom
9:49 Feudal Age
9:55 Man-at-Arms
10:54 Double-Bit Axe
12:02 Horse Collar
19:57 Castle Age
19:42 Padded Archer Armor
22:02 Leather Archer Armor
22:01 Bow Saw
31:11 Wheelbarrow
38:16 Imperial Age
38:21 Capped Ram
40:17 Hand Cart
41:06 Ring Archer Armor
41:12 Artillery
40:36 Elite Janissary
47:49 Scale Barding Armor
47:55 Forging
47:59 Bloodlines
47:50 Husbandry
48:07 Artillery
50:47 Heavy Camel Rider
52:46 Chain Barding Armor
55:31 Hand Cart
55:05 Long Swordsman
57:28 Plate Barding Armor
57:28 Iron Casting
Connection lost

Rejoining the realm…

Still unreachable

The connection could not be restored.

Session expired

The server has moved on; the page needs a fresh start.